 Dungeon Crawl Stone Soup version 0.31-a0-963-ga325b2283a (webtiles) character file.

Game seed: 7734879222896077729

473 Dirtsage the Chopper (level 6, -1/47 HPs)
             Began as a Demonspawn Fighter on Oct 24, 2023.
             Succumbed to a gnoll sergeant's poison
             ... on level 5 of the Dungeon.
             The game lasted 00:04:02 (3894 turns).

Dirtsage the Chopper (Demonspawn Fighter)           Turns: 3894, Time: 00:04:02

Health: -1/47      AC:  7    Str: 18    XL:     6   Next: 84%
Magic:  6/6        EV:  9    Int:  9    God:
Gold:   199        SH:  9    Dex: 13    Spells: 5/5 levels left

rFire   . . .        a - +0 war axe
rCold   . . .        c - +0 buckler
rNeg    . . .        b - +0 scale mail
rPois   .            (helmet restricted)
rElec   .            v - +0 cloak
rCorr   .            (no gloves)
SInv    .            (no boots)
Will    .....        f - amulet of reflection Stlth
                     (no ring)
HPRegen 0.27/turn    (no ring)
MPRegen 0.10/turn

%: reflection
@: lethally poisoned (-1 -> -22)
A: horns 1, foul stench 2, demonic magic 1
a: no special abilities


You were on level 5 of the Dungeon.
You visited 1 branch of the dungeon, and saw 5 of its levels.

You collected 199 gold pieces.

Inventory:

Hand Weapons
 a - a +0 war axe (weapon)
Missiles
 A - a throwing net
Armour
 b - a +0 scale mail (worn)
 c - a +0 buckler (worn)
 p - the +0 chain mail of Hirem {rElec rF+ rC+ Will-}
   (You found it on level 2 of the Dungeon)

   rF+:       It protects you from fire.
   rC+:       It protects you from cold.
   rElec:     It insulates you from electricity.
   Will-:     It decreases your willpower.
 v - a +0 cloak (worn)
 B - a +0 kite shield
Jewellery
 f - an amulet of reflection (around neck)
 h - an amulet of magic regeneration
Wands
 y - a wand of mindburst (6)
Scrolls
 e - 8 scrolls of identify {unknown}
 i - 3 scrolls of enchant weapon {unknown}
 j - 3 scrolls of vulnerability {unknown}
 m - a scroll of revelation {unknown}
 r - a scroll of amnesia {unknown}
 t - a scroll of noise {unknown}
 u - a scroll of enchant armour {unknown}
 w - a scroll of brand weapon {unknown}
 z - a scroll of teleportation {unknown}
Potions
 d - 4 potions of might
 g - a potion of berserk rage {unknown}
 k - a potion of heal wounds {unknown}
 l - 5 potions of curing {unknown}
 n - a potion of magic {unknown}
 o - a potion of ambrosia {unknown}
 q - 4 potions of mutation {unknown}
 s - a potion of haste {unknown}
 x - 2 potions of lignification {unknown}


   Skills:
 - Level 3.0 Fighting
 + Level 6.8 Axes
 - Level 2.6 Armour
 - Level 2.6 Shields


You had 5 spell levels left.
You didn't know any spells.
Your spell library contained the following spells:

 Spells                   Type           Power      Damage    Failure   Level
 Ozocubu's Armour         Ice            0%         N/A       99%         3
 Metabolic Englaciation   Hex/Ice        0%         N/A       100%        5
 Summon Forest            Summ/Tloc      0%         N/A       100%        5
 Summon Mana Viper        Hex/Summ       0%         N/A       100%        5
 Simulacrum               Ice/Necr       0%         N/A       100%        6
 Summon Cactus Giant      Summ           0%         N/A       100%        6


Dungeon Overview and Level Annotations

Branches:
Dungeon (5/15)
 Temple: D:4-7

Altars:
Trog
Wu Jian


Innate Abilities, Weirdness & Mutations

You have a pair of small horns on your head.
You sometimes emit foul miasma when damaged in melee.
Spells you cast may paralyse adjacent enemies.


Message History

You hit the orc.
You kill the orc!
Items here: )) [ †.
You open the door.
A gnoll sergeant comes into view. It is wielding a +1 spear of venom.
The gnoll sergeant shouts!
Health restored: 47 The gnoll sergeant hits you from afar with a +1 spear of venom.
There is an open door, spattered with blood here.
You take 5 damage, and have 42/47 hp.
The gnoll sergeant hits you with a +1 spear of venom!
You are poisoned.
You take 8 damage, and have 34/47 hp.
You hit the gnoll sergeant but do no damage.
You feel sick.
You block the gnoll sergeant's attack. x2
You take 2 damage, and have 32/47 hp.
You slash the gnoll sergeant! You headbutt the gnoll sergeant.
The gnoll sergeant is heavily wounded.
You feel sick.
The gnoll sergeant hits you with a +1 spear of venom.
You are more poisoned.
You take 6 damage, and have 26/47 hp.
You hit the gnoll sergeant.
The gnoll sergeant is severely wounded.
You feel very sick.
The gnoll sergeant hits you with a +1 spear of venom!
* * * LOW HITPOINT WARNING * * *
You take 14 damage, and have 12/47 hp.
MASSIVE DAMAGE!!
You hit the gnoll sergeant but do no damage.
The gnoll sergeant is severely wounded.
* * * LOW HITPOINT WARNING * * *
You feel very sick.
The gnoll sergeant hits you with a +1 spear of venom.
* * * LOW HITPOINT WARNING * * *
You are more poisoned.
You emit a cloud of foul miasma!
You take 8 damage, and have 4/47 hp.
You hit the gnoll sergeant.
The gnoll sergeant is severely wounded.
You die...

...## #.# #### ..+ #
..# ## ########.# #.#
#........# #..#
#........# #...+
#######).......##....#
.......).......#.g...#
#######).......#@...#
#........'...##
#........#..##
#........#.##
#........###
#........# ######....
##... #...


You could see a gnoll sergeant.

Vanquished Creatures
  A black bear (D:5)
  A phantom (D:4)
  A jelly (D:4)
  A hound (D:4)
  An orc priest (D:5)
  An iguana (D:4)
  A sleepcap (D:4)
  5 adders
  A shadow imp (D:4)
  2 worms (D:2)
  A dart slug (D:3)
  10 orcs
  4 endoplasms
  A giant cockroach (D:3)
  5 goblins
  12 hobgoblins
  7 jackals (D:2)
  8 kobolds
  3 quokkas
  8 ball pythons
  4 bats
  4 frilled lizards
  4 rats
86 creatures vanquished.

Notes
Turn   | Place    | Note
-------+----------+-------------------------------------------
     0 | D:1      | Dirtsage the Demonspawn Fighter began the quest for the
                  | Orb.
     0 | D:1      | Reached XP level 1. HP: 18/18 MP: 1/1
   101 | D:1      | Reached skill level 2 in Axes
   302 | D:1      | Gained mutation: You may rarely emit foul miasma when
                  | damaged in melee. [demonic ancestry]
   302 | D:1      | Reached XP level 2. HP: 24/24 MP: 2/2
   712 | D:2      | Reached skill level 3 in Axes
   729 | D:2      | Gained mutation: You sometimes emit foul miasma when
                  | damaged in melee. [demonic ancestry]
   729 | D:2      | Reached XP level 3. HP: 22/29 MP: 3/3
  1212 | D:2      | Reached XP level 4. HP: 35/35 MP: 4/4
  1215 | D:2      | Identified the +0 chain mail of Hirem {rElec rF+ rC+ Will-}
  1341 | D:2      | Reached skill level 4 in Axes
  2485 | D:4      | Gained mutation: Spells you cast may paralyse adjacent
                  | enemies. [demonic ancestry]
  2485 | D:4      | Reached XP level 5. HP: 41/41 MP: 5/5
  2565 | D:4      | Noticed a phantom
  2578 | D:4      | Killed a phantom
  2579 | D:4      | Reached skill level 5 in Axes
  2787 | D:4      | Gained mutation: You have a pair of small horns on your
                  | head. [demonic ancestry]
  2787 | D:4      | Reached XP level 6. HP: 26/47 MP: 6/6
  2971 | D:4      | Reached skill level 6 in Axes
  3152 | D:4      | Found an ornate altar of the Wu Jian Council.
  3454 | D:5      | Entered Level 5 of the Dungeon
  3599 | D:5      | Found a bloodstained altar of Trog.
  3894 | D:5      | Succumbed to a gnoll sergeant's poison

Illustrated notes

Levels and vault maps discovered:
D:1:      spicycebolla_arrival_ecumenical, layout_basic, chequers_garden,
          minmay_liquid_box
D:2:      minmay_alternating_diamond, layout_basic
D:3:      layout_loops_ring, mainiacjoe_overflow_tiny_flanked
D:4:      layout_loops_corners, nicolae_wu_jian_wuxing_cycle
D:5:      layout_rooms, nicolae_dithmenos_through_a_glass_darkly,
          trog_hazing_becter, minitemple, minmay_quadrilaterals

Skill      XL: |  1  2  3  4  5  6 |
---------------+-------------------+-----
Axes           | 2 3 4 5 6 |  6.8
Fighting       | |  3.0
Armour         | |  2.6
Shields        | |  2.6

Action                     |  1- 3 |  4- 6 || total
---------------------------+-------+-------++-------
  Melee: War axe           |    93 |   174 ||   267
         Headbutt          |       |    11 ||    11
   Stab: Distracted        |       |     1 ||     1
 Armour: Scale mail        |    46 |   116 ||   162
  Dodge: Dodged            |    28 |    87 ||   115
  Block: Buckler           |    44 |    84 ||   128
         Reflection        |     1 |     7 ||     8

Table legend: (Time is in decaauts)
 A = Elapsed time spent in this place.
 B = Non-inter-level travel time spent in this place.
 C = Inter-level travel time spent in this place.
 D = Time resting spent in this place.
 E = Time spent auto-exploring this place.
 F = Levels seen in this place.
 G = Mean time per level.
                   A        B        C        D        E       F      G
               +--------+--------+--------+--------+--------+-----+--------+
         Total |   3978 |   3912 |     66 |      0 |   3299 |   5 |  795.6 |
       Dungeon |   3978 |   3912 |     66 |      0 |   3299 |   5 |  795.6 |
               +--------+--------+--------+--------+--------+-----+--------+

Top non-repeatable levels by time:
     D:2: 1094 daAuts
     D:4: 1089 daAuts
     D:3: 766 daAuts
     D:1: 580 daAuts
     D:5: 448 daAuts
